Unix NetHack Version 5.0.0-0 post-release - last build May 22 2026 02:22:16 (99d1c3b6dc4b13757aaa5824b55bdea4e1e63757,branch:main).

Game began 2026-05-22 12:52:38, ended 2026-05-22 14:04:19.

Drastanta, neutral male gnomish Wizard

                                ----   --------
                                |..-----......|
                                |^^^^^^0000...|
                                |^------......|
                                |^|    |......|
                                |^|------0----|
                                |^||....|.....|
                                |^||..00|.0.0.|
                                |^|-d00....0..|
                                |<|>@..---....|
                                -------- ------

Drastanta the Conjurer    St:10 Dx:11 Co:16 In:19 Wi:11 Ch:8  Neutral
Dlvl:5  $:88 HP:0(34) Pw:17(43) AC:6  Xp:5 T:1976 

Latest messages:
 The spell hits the small mimic!  You kill the small mimic!  Welcome to experience level 5.
 You see here a food ration.
 You have a little trouble lifting E - a food ration (4 in total).
 In what direction? 4
 The spell hits the small mimic!
 In what direction? 4
 The spell hits the small mimic!  You kill the small mimic!
 You climb up the stairs.
 You fall down the stairs.
 You hit the small mimic!
 You hit the small mimic.
 You hit the small mimic!  The small mimic hits!
 You hit the small mimic.  The small mimic hits!  The small mimic hits!
 In what direction? 4
 The spell hits it!
 In what direction? 4
 The spell hits it!  You kill it!
 Restoring save file...
 Hello Drastanta, the gnomish Wizard, welcome back to NetHack!
 Your movements are slowed slightly because of your load.
 What do you want to drop? [$a-np-zA-M or ?*] ?
 Never mind.
 What do you want to wield? [- aq or ?*] <esc>
 Never mind.
 You drop a crested helmet.
 You drop a pair of old gloves.
 You drop a pair of combat boots.
 What do you want to wear? [L or ?*] L
 You finish your dressing maneuver.
 You drop a blessed spellbook of force bolt.
 You drop a spellbook of healing.
 You drop an uncursed spellbook of remove curse.
 You drop a bubbly potion.
 Your movements are now unencumbered.
 You drop an effervescent potion.
 You climb up the stairs.
 You hear a monster behind the boulder.
 Perhaps that's why you cannot move it.
 You miss the dog.
 The dog bites!
 You miss the dog.
 The dog bites!
 You hit the dog.
 The dog bites!
 You die...
 Do you want your possessions identified? [ynq] (y) n
 Do you want to see your attributes? [ynq] (y) n
 Do you want an account of creatures vanquished? [ynaq] (y) n
 Do you want to see your conduct and achievements? [ynq] (y) n
 Do you want to see the dungeon overview? [ynq] (y) n

Inventory:
 Coins    ('$')
  $ - 88 gold pieces
 Amulets  ('"')
  M - an uncursed amulet of reflection
 Weapons  (')')
  q - a +0 long sword
  a - a blessed +1 quarterstaff (weapon in hands)
 Armor    ('[')
  L - a cursed +0 helm of brilliance (being worn)
  b - an uncursed +0 cloak of magic resistance (being worn)
  H - an uncursed +0 leather armor (being worn)
 Comestibles  ('%')
  u - an uncursed candy bar labeled "The Small Bar"
  E - 4 uncursed food rations
  w - a cursed food ration
  r - 3 uncursed tripe rations
  s - an uncursed tin of french fried newt meat
 Scrolls  ('?')
  I - an uncursed scroll of charging
  k - an uncursed scroll of confuse monster
  x - 2 uncursed scrolls of create monster
  i - an uncursed scroll of food detection
  t - 2 uncursed scrolls of identify
  j - an uncursed scroll of remove curse
  y - 2 uncursed scrolls of stinking cloud
  J - an uncursed scroll of teleportation
 Potions  ('!')
  z - 2 blessed potions of healing
  g - an uncursed potion of healing
  h - an uncursed potion of restore ability
  f - an uncursed potion of sleeping
 Rings    ('=')
  e - an uncursed ring of protection from shape changers (on left hand)
  d - an uncursed ring of slow digestion (on right hand)
 Wands    ('/')
  c - a wand of enlightenment (0:13)
 Tools    ('(')
  v - an empty cursed sack
  D - an uncursed bell
  n - a magic marker (0:20)
  G - an uncursed towel

Drastanta the Wizard's attributes:

Background:
 You were a Conjurer, a level 5 male gnomish Wizard.
 You were neutral, nominally on a mission for Thoth
 who was opposed by Ptah (lawful) and Anhur (chaotic).
 You were left-handed.
 You were in Sokoban, on level 5.
 You entered the dungeon 1976 turns ago.
 You had 248 experience points, 72 more were needed to attain level 6.

Basics:
 You had 0 out of 34 hit points.
 You had 17 out of 43 energy points (spell power).
 Your armor class was 6.
 Your wallet contained 88 zorkmids.
 Autopickup was off.

Final Characteristics:
 Your strength was 10 (limit:18/50).
 Your dexterity was 11 (limit:18).
 Your constitution was 16 (limit:18).
 Your intelligence was 19 (limit:19).
 Your wisdom was 11 (limit:18).
 Your charisma was 8 (limit:18).

Final Status:
 You weren't hungry.
 You were unencumbered.
 You were wielding a quarterstaff.
 You had basic skill with quarterstaff.

Final Attributes:
 You were fervently aligned.
 You were magic-protected.
 You had infravision.
 You had slower digestion.
 You were warded.
 You were protected from shape changers.
 You are dead.

Miscellaneous:
 You didn't encounter any bones levels.
 Total elapsed playing time was 51 minutes and 22 seconds.

Major events:
 Turn
    1: Drastanta the neutral male gnomish Wizard entered the dungeon
  813: attained the rank of Conjurer (level 3)
 1053: entered the Gnomish Mines
 1927: entered Sokoban
 1976: killed by a dog

Spells:
 Name                 Level Category     Fail Retention
 force bolt             1   attack         0%  91%-100%
 remove curse           3   clerical      72%  76%-100%
 healing                1   healing        0%  76%-100%

Skills:
 Fighting Skills
   bare handed combat [Unskilled]
   riding             [Unskilled]
 Weapon Skills
   dagger             [Unskilled]
   knife              [Unskilled]
   axe                [Unskilled]
   short sword        [Unskilled]
   club               [Unskilled]
   mace               [Unskilled]
   quarterstaff       [Basic]
   polearms           [Unskilled]
   spear              [Unskilled]
   trident            [Unskilled]
   sling              [Unskilled]
   dart               [Unskilled]
   shuriken           [Unskilled]
 Spellcasting Skills
   attack spells      [Basic]
   healing spells     [Unskilled]
   divination spells  [Unskilled]
   enchantment spells [Basic]
   clerical spells    [Unskilled]
   escape spells      [Unskilled]
   matter spells      [Unskilled]

Voluntary challenges:
 Character rerolling was not enabled.
 You were an atheist.
 You never genocided any monsters.
 You never polymorphed an object.
 You never changed form.
 You used no wishes.
 You did not violate any of the special Sokoban rules.
Achievements:
 You entered a shop.
 You attained the rank of Conjurer.
 You entered the Gnomish Mines.
 You entered Sokoban.

 The Dungeons of Doom: levels 1 to 6
    Level 1:
       A sink.
    Level 2:
       A potion shop, a fountain, a sink.
    Level 3:
       A fountain.
    Level 4:
       A fountain, a grave.
       Stairs down to The Gnomish Mines.
    Level 5:
       Many fountains.
    Level 6:
       A fountain.
       Stairs up to Sokoban, level 5.
 The Gnomish Mines:
    Level 5:
 Sokoban:
    Level 5: <- You were here.
       Unsolved.
       Final resting place for
          you, killed by a dog.


Vanquished creatures:
  3 small mimics
  a golden naga hatchling
  a kitten
  2 rothes
 an orc zombie
  a werejackal
 an iguana
  3 acid blobs
  2 coyotes
  a giant rat
  2 cave spiders
  2 geckos
  3 jackals
  2 foxes
  2 kobolds
  3 bats
  6 lichens
  a kobold zombie
  5 newts
42 creatures vanquished.

No species were genocided or became extinct.

Game over:
                       ----------
                      /          \
                     /    REST    \
                    /      IN      \
                   /     PEACE      \
                  /                  \
                  |    Drastanta     |
                  |      88 Au       |
                  | killed by a dog  |
                  |                  |
                  |                  |
                  |                  |
                  |       2026       |
                 *|     *  *  *      | *
        _________)/\\_//(\/(/\)/\//\/|_)_______

Goodbye Drastanta the Wizard...

You died in Sokoban on dungeon level 5 with 1322 points,
and 88 pieces of gold, after 1976 moves.
You were level 5 with a maximum of 34 hit points when you died.

